 Dungeon Crawl Stone Soup version 0.30-a0-123-g91d0c66ccf (webtiles) character file.

Game seed: 3172197058943339883

106 ragingrage the Poker (level 4, -1/35 HPs)
             Began as a Demonspawn Cinder Acolyte on Sept 18, 2022.
             Was a High Priest of Ignis.
             Slain by an orc priest
             ... wielding a +0 dagger
              (5 damage)
             ... on level 2 of the Dungeon.
             The game lasted 00:03:14 (3472 turns).

ragingrage the Poker (Demonspawn Cinder Acolyte)    Turns: 3472, Time: 00:03:15

Health: -1/35      AC:  3    Str: 14    XL:     4   Next: 55%
Magic:  1/6        EV: 11    Int: 17    God:    Ignis [*****.]
Gold:   83         SH:  0    Dex:  9    Spells: 4/6 levels left

rFire   + + .      SeeInvis .    a - -1 spear (flame)
rCold   + . .      Faith    .    (no shield)
rNeg    . . .      Spirit   .    b - +0 robe
rPois   .          Reflect  .    j - +0 helmet
rElec   .          Harm     .    k - scarf {rC+ rF+}
rCorr   .          Rampage  .    (no gloves)
Will    .....                    (no boots)
Stlth   +.........               (no amulet)
HPRegen 0.11/turn                (no ring)
MPRegen 0.10/turn                (no ring)

@: no status effects
A: ignite blood 2
a: Renounce Religion, Fiery Armour, Foxfire Swarm, Rising Flame


You were on level 2 of the Dungeon.
You worshipped Ignis.
Ignis was extremely pleased with you.
You visited 1 branch of the dungeon, and saw 3 of its levels.

You collected 83 gold pieces.

Inventory:

Hand Weapons
 a - a -1 spear of flaming (weapon)
 h - a +0 trident
 n - a +2 dagger of freezing
 r - a +3 antimagic whip
Armour
 b - a +0 robe (worn)
 j - a +0 helmet (worn)
 k - a scarf of resistance (worn)
Scrolls
 c - 4 scrolls of identify {unknown}
 e - a scroll of poison {unknown}
 f - 3 scrolls of teleportation {unknown}
 l - 2 scrolls of fear {unknown}
 q - a scroll of silence {unknown}
Potions
 d - a potion of might {unknown}
 g - 2 potions of curing
 i - a potion of cancellation {unknown}
 m - 2 potions of magic {unknown}
 o - a potion of attraction {unknown}
 p - a potion of lignification {unknown}


   Skills:
 - Level 3.0 Fighting
 * Level 0.1(2.2) Axes
 + Level 3.7 Polearms
 + Level 1.9 Spellcasting
 + Level 3.7 Fire Magic


You had 4 spell levels left.
You knew the following spells:

 Your Spells              Type           Power      Damage    Failure   Level
a - Scorch                Fire           28%        2d6       6%          2

Your spell library contained the following spells:

 Spells                   Type           Power      Damage    Failure   Level
 Sting                    Tmut/Pois      4%         1d3       21%         1
 Stone Arrow              Conj/Erth      2%         3d7       52%         3
 Animate Armour           Summ/Erth      2%         N/A       89%         4
 Lehudib's Crystal Spear  Conj/Erth      0%         10d2      100%        8


Dungeon Overview and Level Annotations

Branches:
Dungeon (3/15)

Altars:
Uskayaw

Annotations:
D:2 exclusion: downstairs
D:3 Sigmund, Terence


Innate Abilities, Weirdness & Mutations

Your demonic aura often causes spilled blood to erupt in flames.


Message History

The orc priest is moderately wounded.
The orc priest hits you with a +0 dagger.
Casting: Scorch (safe; 6% risk of failure)
Confirm with . or Enter, or press ? or * to list all spells.
Flames lash the orc priest.
The orc priest is burned terribly!
The orc priest is heavily wounded.
The orc priest looks satisfied for a moment.
Casting: Scorch (safe; 6% risk of failure)
Confirm with . or Enter, or press ? or * to list all spells.
You don't have enough magic to cast this spell.
You hit the orc priest but do no damage.
The orc priest is heavily wounded.
The orc priest hits you with a +0 dagger.
You hit the orc priest but do no damage.
The orc priest is heavily wounded.
The orc priest invokes the aid of Beogh against you.
Pain shoots through your body!
You hit the orc priest. You burn the orc priest.
The orc priest is severely wounded.
The orc priest mumbles some strange prayers to Beogh against you.
Beogh smites you!
* * * LOW HITPOINT WARNING * * *
You hit the orc priest but do no damage.
The orc priest is severely wounded.
The orc priest looks braver for a moment.
The orc attacks as you move away! The orc hits you but does no damage.
The orc priest attacks as you move away!
The orc priest misses you.
There is a stone staircase leading up, spattered with blood here.
The orc barely misses you. The orc priest closely misses you.
You climb upwards.
Level annotation: exclusion: downstairs
There is a stone staircase leading down, spattered with blood here.
You hit the orc priest but do no damage.
The orc priest is heavily wounded.
The orc priest is no longer more vulnerable to fire.
The orc hits you with a +0 mace.
* * * LOW HITPOINT WARNING * * *
The orc priest hits you with a +0 dagger.
You die...

.####..#..>#...#############
.##....#...#.###
.)..##.#####.# ##..#..# ##.#
##....#####..# ############
(.....###...## #..........#
......##..#######.##########
.####.##.##..))o.o# .#
#....##.##.[@.#
.####..#....#######
.........#####
.##..[.......#
###.###.####.## # #.#
#....#..# ###.###....##.#
...........##.###
...####....##...#


You could see an orc priest and an orc.

Vanquished Creatures
  Jessica (D:2)
  2 adders
  10 orcs
  7 endoplasms
  2 giant cockroaches
  3 goblins
  3 hobgoblins
  2 jackals (D:1)
  5 ball pythons
  3 bats
  5 frilled lizards
  3 kobolds
  6 rats
52 creatures vanquished.

Vanquished Creatures (others)
  2 fungi (D:1)
  2 plants (D:1)
4 creatures vanquished.

Grand Total: 56 creatures vanquished

Notes
Turn   | Place    | Note
-------+----------+-------------------------------------------
     0 | D:1      | ragingrage the Demonspawn Cinder Acolyte began the quest
                  | for the Orb.
     0 | D:1      | Reached XP level 1. HP: 18/18 MP: 2/2
   234 | D:1      | Gained mutation: Your demonic aura sometimes causes spilled
                  | blood to erupt in flames. [demonic ancestry]
   234 | D:1      | Reached XP level 2. HP: 15/24 MP: 3/3
   253 | D:1      | Learned a level 2 spell: Scorch
   406 | D:1      | Found a faded altar of an unknown god.
   526 | D:1      | Got Plato's Tome of Vitiation
  1214 | D:2      | Gained mutation: Your demonic aura often causes spilled
                  | blood to erupt in flames. [demonic ancestry]
  1214 | D:2      | Reached XP level 3. HP: 29/29 MP: 4/4
  1350 | D:2      | Found a hide-covered altar of Uskayaw.
  1642 | D:2      | Noticed Jessica
  1648 | D:2      | Killed Jessica
  1649 | D:2      | Reached XP level 4. HP: 35/35 MP: 2/6
  3241 | D:3      | Noticed Terence
  3242 | D:3      | Noticed Sigmund
  3472 | D:2      | Slain by an orc priest

Illustrated notes

Levels and vault maps discovered:
D:1:      scummos_arrival_simple_fountains, layout_basic,
          shapermc_ecumenical_altar_rom_forum
D:2:      layout_rooms, basic_altar, kennysheep_pointless_box, uniq_jessica
D:3:      layout_loops_ring, mainiacjoe_overflow_tiny_flanked,
          mainiacjoe_overflow_chevrons, uniq_terence, uniq_sigmund

Skill      XL: |  1 |
---------------+----+-----
Polearms       | 3 |  3.7
Fire Magic     | 3 |  3.7
Fighting       | |  3.0
Axes           | |  0.1
Spellcasting   | |  1.9

Action                   |  1- 3 |  4- 6 || total
-------------------------+-------+-------++-------
Melee: Spear             |   101 |    46 ||   147
       Punch             |     1 |       ||     1
 Cast: Scorch            |     9 |    16 ||    25
Armor: Robe              |    14 |     7 ||    21
Dodge: Dodged            |    39 |    31 ||    70

Table legend: (Time is in decaauts)
 A = Elapsed time spent in this place.
 B = Non-inter-level travel time spent in this place.
 C = Inter-level travel time spent in this place.
 D = Time resting spent in this place.
 E = Time spent auto-exploring this place.
 F = Levels seen in this place.
 G = Mean time per level.
                   A        B        C        D        E       F      G
               +--------+--------+--------+--------+--------+-----+--------+
         Total |   3470 |   3306 |    164 |   1563 |   1192 |   3 | 1156.7 |
       Dungeon |   3470 |   3306 |    164 |   1563 |   1192 |   3 | 1156.7 |
               +--------+--------+--------+--------+--------+-----+--------+

Top non-repeatable levels by time:
     D:2: 1976 daAuts
     D:1: 997 daAuts
     D:3: 495 daAuts
